 Dungeon Crawl Stone Soup version 0.29.0-11-gd7f09526c8 (webtiles) character file.

Game seed: 187575415066376020

67272 Monkooky the Zephyrmancer (level 14, 0/113 HPs)
             Began as a Green Draconian Venom Mage on Sept 5, 2022.
             Was the Champion of Wu Jian.
             Slain by a wyvern (6 damage)
             ... while petrified by a basilisk
             ... on level 5 of the Lair of Beasts.
             The game lasted 01:33:03 (26372 turns).

Monkooky the Zephyrmancer (DrVM)                   Turns: 26372, Time: 01:33:03

Health: 0/113      AC: 14    Str: 13    XL:     14   Next: 82%
Magic:  26/26      EV:  2    Int: 23    God:    Wu Jian [******]
Gold:   1359       SH:  0    Dex: 18    Spells: 2/30 levels left

rFire   . . .      SeeInvis .   W - +4 scimitar of Tenacity {spect, Int+6 Dex+5}
rCold   + . .      Faith    .   Q - +2 kite shield {rC+}
rNeg    + + +      Spirit   .   (body armour unavailable)
rPois   ∞          Reflect  .   (helmet restricted)
rElec   .          Harm     .   V - +0 cloak
rCorr   .          Rampage  .   k - +0 pair of gloves
Will    +....                   (no boots)
Stlth   ++........              c - amulet of the acrobat
HPRegen 0.28/turn               r - +4 ring of protection
MPRegen 0.20/turn               R - ring of wizardry

@: petrified
A: breathe noxious fumes, AC +8, unfitting armour, stinger 1, poison resistance,
cold-blooded
a: Breathe Noxious Fumes, Renounce Religion, Wall Jump, Serpent's Lash, Heavenly
Storm


You were on level 5 of the Lair of Beasts.
You worshipped Wu Jian.
Wu Jian was exalted by your worship.
You visited 3 branches of the dungeon, and saw 18 of its levels.
You also visited: Ossuary, Bailey and Ice Cave.

You collected 2564 gold pieces.
You spent 1205 gold pieces at shops.

Inventory:

Hand Weapons
 W - the +4 scimitar of Tenacity (weapon) {spect, Int+6 Dex+5}
   (You found it in an ice cave)

   When its wielder attacks, the weapon's spirit leaps out and strikes again.
   The spirit shares a part of any damage it takes with its wielder.
   Int:       It affects your intelligence (+6).
   Dex:       It affects your dexterity (+5).
Missiles
 G - a throwing net
 K - 29 boomerangs
 T - 4 curare-tipped darts
Armour
 k - a +0 pair of gloves (worn)
 Q - a +2 kite shield of cold resistance (worn)
 V - a +0 cloak (worn)
Jewellery
 c - an amulet of the acrobat (around neck)
 f - the ring "Hupugg" {Fly rElec rPois Str+8 Dex-3}
   (You acquired it in an ossuary)

   [ring of flight]

   Str:       It affects your strength (+8).
   Dex:       It affects your dexterity (-3).
   rElec:     It insulates you from electricity.
   rPois:     It protects you from poison.
   Fly:       It grants you flight.
 r - a +4 ring of protection (left hand)
 F - a +6 ring of dexterity
 R - a ring of wizardry (right hand)
 X - a +6 ring of intelligence
Wands
 s - a wand of polymorph (4)
 v - a wand of iceblast (13)
 I - a wand of paralysis (31)
 P - a wand of quicksilver (2)
 U - a wand of flame (46)
Scrolls
 e - 3 scrolls of enchant armour
 g - 6 scrolls of poison
 h - 3 scrolls of vulnerability
 j - 2 scrolls of blinking
 l - 2 scrolls of silence
 t - 2 scrolls of brand weapon
 u - 4 scrolls of fear
 y - a scroll of acquirement
 C - 6 scrolls of teleportation
 E - 2 scrolls of fog
 H - 2 scrolls of immolation
 J - a scroll of enchant weapon
 L - 2 scrolls of noise
 O - 2 scrolls of amnesia
 Z - a scroll of magic mapping
Potions
 a - 6 potions of magic
 b - 4 potions of lignification
 d - 4 potions of heal wounds
 i - 2 potions of berserk rage
 m - 6 potions of brilliance
 n - a potion of cancellation
 o - 12 potions of curing
 p - 5 potions of attraction {unknown}
 w - 4 potions of resistance {unknown}
 x - a potion of invisibility
 z - 2 potions of ambrosia
 A - a potion of flight
 B - 4 potions of might {unknown}
 D - 5 potions of haste
Miscellaneous
 M - a tin of tremorstones (2/2)
 S - a phial of floods


   Skills:
 - Level 7.6 Fighting
 + Level 8.6 Dodging
 - Level 1.7 Stealth
 - Level 9.1 Shields
 - Level 7.5 Unarmed Combat
 - Level 8.6 Spellcasting
 - Level 4.8 Summonings
 - Level 10.8 Transmutations
 - Level 5.2 Fire Magic
 - Level 12.8 Air Magic
 - Level 8.8 Poison Magic


You had 2 spell levels left.
You knew the following spells:

 Your Spells              Type           Power      Damage    Failure   Level
a - Storm Form            Tmut/Air       29%        N/A       36%         7
c - Olgreb's Toxic Radia  Pois           50%        N/A       1%          4
d - Swiftness             Air            62%        N/A       1%          3
e - Airstrike             Air            31%        2d(5-21)  1%          4
f - Ignite Poison         Fire/Tmut/Pois 48%        N/A       1%          3
g - Mephitic Cloud        Conj/Pois/Air  43%        N/A       1%          3
h - Summon Lightning Spi  Summ/Air       50%        N/A       1%          4

Your spell library contained the following spells:

 Spells                   Type           Power      Damage    Failure   Level
 Shock                    Conj/Air       100%       1d9       1%          1
 Sting                    Tmut/Pois      100%       1d8       1%          1
 Summon Small Mammal      Summ           100%       N/A       1%          1
 Poisonous Vapours        Pois/Air       100%       N/A       1%          2
 Apportation              Tloc           18%        N/A       6%          1
 Necrotise                Necr           36%        1d5       6%          1
 Sandblast                Erth           18%        2d7       6%          1
 Conjure Flame            Conj/Fire      21%        6-21      6%          3
 Sticky Flame             Conj/Fire      21%        2d4       21%         4
 Freezing Cloud           Conj/Ice/Air   14%        6-21      28%         5
 Leda's Liquefaction      Hex/Erth       4%         N/A       50%         4
 Statue Form              Tmut/Erth      22%        N/A       65%         6
 Lee's Rapid Deconstruct  Erth           4%         3d6*      83%         5
 Maxwell's Capacitive Co  Air            31%        ∞         87%         8
 Death Channel            Necr           4%         N/A       100%        6
 Simulacrum               Ice/Necr       4%         N/A       100%        6
 Infestation              Necr           4%         N/A       100%        8
 Polar Vortex             Ice            4%         N/A       100%        9


Dungeon Overview and Level Annotations

Branches:
Dungeon (11/15)            Temple (0/1) D:5            Lair (5/5) D:9
 Shoals (0/4) Lair:2        Snake (0/4) Lair:3        Slime (0/5) Lair:5
    Orc (2/2) D:9             Elf (0/3) Orc:2       Ossuary (visited)
 Bailey (visited)           IceCv (visited)

Altars:
Cheibriados
Dithmenos
Kikubaaqudgha
Makhleb
Trog
Wu Jian
Zin
The Shining One
Jiyva

Shops:
D:4 :!*   Orc:2 ((=!

Portals:
Abyss: D:3

Annotations:
D:3 2 transporters, Adrian566's ghost, weakling OpFi
Lair:5 2 runed translucent doors, Mumum's ghost, journeyman DrFE


Innate Abilities, Weirdness & Mutations

You can breathe blasts of noxious fumes.
Your lurid green scales are hard. (AC +8)
You cannot fit into any form of body armour.
Your tail ends in a venomous barb.
Your system is resistant to poisons. (rPois)
You are cold-blooded and may be slowed by cold attacks.


Message History

The hornet stings you but does no damage.
The water moccasin bites you! The wyvern bites you.
The basilisk bites you but does no damage.
The black mamba bites you!
The hornet stings you but does no damage.
The water moccasin bites you but does no damage.
The wyvern bites you!
The water moccasin bites you but does no damage.
The black mamba bites you but does no damage.
The blink frog blinks!
The hornet stings you!
* * * LOW HITPOINT WARNING * * *
The basilisk gazes at you.
You easily resist.
The water moccasin bites you.
* * * LOW HITPOINT WARNING * * *
The water moccasin bites you but does no damage.
The wyvern bites you but does no damage.
The black mamba bites you but does no damage.
The hornet barely misses you.
The black mamba bites you but does no damage.
The wyvern bites you!
* * * LOW HITPOINT WARNING * * *
The water moccasin bites you.
* * * LOW HITPOINT WARNING * * *
The water moccasin bites you.
The basilisk hisses menacingly.
The basilisk bites you.
* * * LOW HITPOINT WARNING * * *
The hornet stings you!
* * * LOW HITPOINT WARNING * * *
The black mamba bites you but does no damage.
The wyvern bites you.
* * * LOW HITPOINT WARNING * * *
The water moccasin bites you but does no damage. x2
The black mamba bites you!
* * * LOW HITPOINT WARNING * * *
The hornet stings you!
* * * LOW HITPOINT WARNING * * *
The basilisk gazes at you. The wyvern bites you!
You die...

.# ##..###.~⌠~#............### .#
#..##≈?).~+..............#
.####..###≈.#.+...............
..##..###....~#............... ##
..###..####.)≈#........^P....###.
...#..## #$##~#..#.........###..[
...#...########....††....###.....
.................y.†...###.....#.
.(..PPPP......[S@S...........†##.
...PPPP.P......Sll......P....##..
PPPPP..PP..#............P...##...
PPPP...PP#.#..PP.†..§......##...#
PPP.PPPPP..####....F....P###....#
P.P.PPPP.#...............##†...##
PP.PP......................P†..#
PPPPP.........♣P...........PPP##P
PPP.PP...#..♣.♣♣♣................


You could see a black mamba, a basilisk, a blink frog, a hornet, 2 water
moccasins and a wyvern.

Vanquished Creatures
  4 hydras
  2 ironbound frosthearts (IceCv)
  3 death yaks (IceCv)
  4 orc high priests (Orc:2)
  Sonja (Lair:5)
  An orc knight (Orc:2)
  A wolf spider (Lair:5)
  A deep elf zephyrmancer (D:7)
  2 orc sorcerers (Orc:2)
  11 black mambas
  An ice statue (IceCv)
  28 elephants
  A guardian serpent (Lair:5)
  12 cane toads
  Psyche (D:11)
  9 komodo dragons
  5 rime drakes
  2 unseen horror zombies (D:10)
  A kobold demonologist (D:10)
  2 merfolk (Lair:2)
  11 polar bears
  Grinder (D:4)
  2 trolls
  2 hornets
  14 blink frogs
  A meliai zombie (D:10)
  7 dream sheep (Lair:3)
  2 shadows (D:10)
  2 vampires (D:10)
  3 wraiths (D:10)
  45 yaks
  10 wyverns
  A basilisk (Lair:4)
  4 redbacks (Lair:5)
  A warg (D:9)
  An acid dragon (D:10)
  18 water moccasins
  Duvessa (D:5)
  A nameless horror (D:9)
  29 orc warriors
  A sky beast (D:7)
  A black bear (D:6)
  6 ogres
  68 wolves
  2 centaurs (D:9)
  A phantom (D:7)
  7 kobold brigands
  11 bullfrogs
  A necrophage (D:5)
  A gnoll sergeant (D:7)
  4 water moccasin zombies (Ossuary)
  3 scorpions
  9 wights
  Dowan (D:5)
  8 killer bees
  4 electric eels
  A hound (Lair:1)
  2 centaur zombies (D:10)
  2 jellies
  27 orc priests
  2 gnoll boudas
  An iguana (D:7)
  An iron imp (D:6)
  27 orc wizards
  7 hell rats (Lair:2)
  2 mummies (Ossuary)
  30 gnolls
  2 adders
  3 white imps
  An ufetubus (D:6)
  2 adder zombies (Ossuary)
  A worm (D:3)
  98 orcs
  10 ball pythons
  5 bats
  11 endoplasms
  7 giant cockroaches
  2 gnoll zombies (Ossuary)
  10 goblins
  6 hobgoblins
  3 quokkas (D:1)
  7 frilled lizards
  8 hobgoblin zombies (Ossuary)
  22 kobolds
  9 kobold zombies (Ossuary)
  8 orc zombies (Ossuary)
  4 rats
  A butterfly (Lair:1)
698 creatures vanquished.

Vanquished Creatures (collateral kills)
  4 elephants
  2 water moccasins
6 creatures vanquished.

Vanquished Creatures (others)
  An orc (D:9)
  33 fungi
  64 plants
  4 toadstools (D:1)
  6 withered plants (D:10)
108 creatures vanquished.

Grand Total: 812 creatures vanquished

Notes
Turn   | Place    | Note
-------+----------+-------------------------------------------
     0 | D:1      | Monkooky the Draconian Venom Mage began the quest for the
                  | Orb.
     0 | D:1      | Reached XP level 1. HP: 14/14 MP: 3/3
    27 | D:1      | Reached skill level 1 in Fighting
    97 | D:1      | Reached XP level 2. HP: 10/24 MP: 1/5
   271 | D:1      | Found a faded altar of an unknown god.
   279 | D:1      | Prayed at the altar of an unknown god.
   279 | D:1      | Became a worshipper of the Wu Jian Council
   279 | D:1      | Reached * piety under Wu Jian
   491 | D:1      | Reached skill level 1 in Unarmed Combat
   805 | D:1      | Learned a level 2 spell: Poisonous Vapours
  1024 | D:1      | Reached XP level 3. HP: 29/29 MP: 3/6
  1182 | D:1      | Reached ** piety under Wu Jian
  2767 | D:3      | Found a transporter.
  2780 | D:3      | Reached XP level 4. HP: 36/36 MP: 3/7
  2781 | D:3      | Found a transporter.
  2939 | D:2      | Learned a level 4 spell: Olgreb's Toxic Radiance
  3313 | D:3      | Found a one-way gate to the infinite horrors of the Abyss.
  3313 | D:3      | Noticed Adrian566's ghost (weakling OpFi)
  3317 | D:3      | Noticed a small abomination
  3697 | D:4      | Noticed an ogre
  3705 | D:4      | Noticed a water moccasin
  3949 | D:4      | Found Qixeept's Book Emporium.
  3953 | D:4      | Found a sand-covered staircase.
  3960 | Ossuary  | Entered an ossuary
  3997 | Ossuary  | Reached XP level 5. HP: 34/41 MP: 8/8
  4079 | Ossuary  | Reached skill level 5 in Poison Magic
  4220 | Ossuary  | Reached XP level 6. HP: 36/48 MP: 9/9
  4234 | Ossuary  | Reached *** piety under Wu Jian
  4511 | Ossuary  | Identified a scroll of acquirement
  4512 | Ossuary  | Acquired the ring "Hupugg" {Fly rElec rPois Str+8 Dex-3}
  4531 | D:4      | Noticed Grinder
  4531 | D:4      | Paralysed by Grinder for 2 turns
  4806 | D:5      | Entered Level 5 of the Dungeon
  5045 | D:5      | Found a staircase to the Ecumenical Temple.
  5052 | D:5      | Your scales start taking on a lurid green colour.
  5052 | D:5      | Reached XP level 7. HP: 53/53 MP: 6/11
  5052 | D:5      | Gained mutation: Your system is resistant to poisons.
                  | (rPois) [Green Draconian growth]
  5147 | D:5      | Noticed Dowan
  5152 | D:5      | Noticed Duvessa
  5159 | D:5      | Killed Duvessa
  5159 | D:5      | Killed Dowan
  6173 | D:5      | Found a glowing golden altar of the Shining One.
  6367 | D:4      | Found Enavunil's Distillery.
  6384 | D:4      | Bought a potion of curing for 39 gold pieces
  6384 | D:4      | Bought a potion of degeneration for 13 gold pieces
  6384 | D:4      | Bought a potion of lignification for 39 gold pieces
  6387 | D:4      | Identified the +0 leather armour "Qereuc" {Fly}
  6403 | D:4      | Found Eppaatuq's Assorted Antiques.
  6560 | D:6      | Reached skill level 2 in Air Magic
  6680 | D:6      | Learned a level 3 spell: Swiftness
  6794 | D:6      | Reached XP level 8. HP: 56/61 MP: 8/13
  6932 | D:6      | Reached skill level 3 in Air Magic
  6935 | D:6      | Reached **** piety under Wu Jian
  6942 | D:6      | Learned a level 4 spell: Airstrike
  7458 | D:6      | Found a snail-covered altar of Cheibriados.
  7648 | D:7      | Reached skill level 5 in Spellcasting
  7912 | D:7      | Learned a level 3 spell: Ignite Poison
  8068 | D:7      | Reached skill level 1 in Fire Magic
  8157 | D:7      | Found an ancient bone altar of Kikubaaqudgha.
  8165 | D:7      | Found a burning altar of Makhleb.
  8168 | D:7      | Found a bloodstained altar of Trog.
  8275 | D:7      | Reached XP level 9. HP: 63/67 MP: 7/18
  8881 | D:7      | Noticed a deep elf zephyrmancer
  8887 | D:7      | Killed a deep elf zephyrmancer
  8888 | D:7      | Reached skill level 5 in Transmutations
  8888 | D:7      | Reached skill level 5 in Fire Magic
  9132 | D:7      | Reached skill level 4 in Air Magic
  9390 | D:8      | Learned a level 3 spell: Mephitic Cloud
  9504 | D:8      | Reached skill level 5 in Air Magic
  9947 | D:8      | Reached skill level 6 in Air Magic
  9947 | D:8      | Reached XP level 10. HP: 72/73 MP: 11/19
 10491 | D:9      | Reached ***** piety under Wu Jian
 10492 | D:9      | Reached skill level 7 in Air Magic
 10787 | D:9      | Reached skill level 8 in Air Magic
 10797 | D:9      | Found a flagged portal.
 10878 | Bailey   | Entered a bailey
 11198 | Bailey   | Reached skill level 9 in Air Magic
 11319 | Bailey   | Found a bloodstained altar of Trog.
 11335 | Bailey   | Got Oziejiag's Commentary on Iron Death
 12068 | D:9      | Found a glowing silver altar of Zin.
 12302 | D:9      | Found a staircase to the Orcish Mines.
 12422 | D:4      | Killed Grinder
 12524 | D:4      | Bought a book of the Sky for 440 gold pieces
 12529 | D:4      | Learned a level 4 spell: Summon Lightning Spire
 13004 | Orc:1    | Entered Level 1 of the Orcish Mines
 13553 | Orc:2    | Entered Level 2 of the Orcish Mines
 13561 | Orc:2    | Reached XP level 11. HP: 82/82 MP: 1/22
 13767 | Orc:2    | Noticed an orc knight
 13898 | Orc:2    | Killed an orc knight
 14165 | Orc:2    | Noticed an orc sorcerer
 14169 | Orc:2    | Killed an orc sorcerer
 14170 | Orc:2    | Reached skill level 5 in Fighting
 14366 | Orc:2    | Noticed an orc sorcerer
 14370 | Orc:2    | Killed an orc sorcerer
 14528 | Orc:2    | Noticed an orc high priest
 14534 | Orc:2    | Killed an orc high priest
 14534 | Orc:2    | Reached ****** piety under Wu Jian
 14958 | Orc:1    | You are sucked into a shaft and drop 1 floor!
 15030 | Orc:2    | Noticed an orc high priest
 15035 | Orc:2    | Killed an orc high priest
 15094 | Orc:2    | Noticed an orc high priest
 15101 | Orc:2    | Killed an orc high priest
 15206 | Orc:2    | Noticed an orc high priest
 15216 | Orc:2    | Killed an orc high priest
 15611 | Orc:2    | Found Jaoxt's Jewellery Emporium.
 15611 | Orc:2    | Found Qaxin's Distillery.
 15612 | Orc:2    | Found Ziruc's Antique Weapon Shoppe.
 15616 | Orc:2    | Found Nuzerium's Weapon Shoppe.
 15624 | Orc:2    | Bought a potion of haste for 160 gold pieces
 15624 | Orc:2    | Bought a potion of brilliance for 64 gold pieces
 15653 | Orc:2    | Found a staircase to the Elven Halls.
 15850 | D:9      | Found a staircase to the Lair.
 15978 | D:10     | Entered Level 10 of the Dungeon
 16320 | D:10     | Reached skill level 10 in Air Magic
 16520 | D:10     | Found a shadowy altar of Dithmenos.
 16523 | D:10     | Reached XP level 12. HP: 80/96 MP: 14/24
 17620 | D:11     | Noticed Psyche
 17623 | D:11     | Killed Psyche
 17704 | D:11     | Noticed a six-headed hydra
 17710 | D:11     | Killed a six-headed hydra
 17720 | D:11     | Learned a level 7 spell: Storm Form
 17926 | Orc:2    | Bought a ring of wizardry for 450 gold pieces
 18035 | Lair:1   | Entered Level 1 of the Lair of Beasts
 18042 | Lair:1   | Reached skill level 11 in Air Magic
 19484 | Lair:2   | Reached skill level 12 in Air Magic
 19759 | Lair:2   | Reached skill level 10 in Transmutations
 19759 | Lair:2   | Reached XP level 13. HP: 65/102 MP: 14/25
 19776 | Lair:2   | Reached skill level 5 in Unarmed Combat
 19997 | Lair:2   | Found a frozen archway.
 20042 | IceCv    | Entered an ice cave
 20568 | IceCv    | Reached skill level 5 in Dodging
 21302 | IceCv    | Identified the +4 scimitar of Tenacity {spect, Int+6 Dex+5}
 21399 | IceCv    | Reached skill level 5 in Shields
 22213 | Lair:2   | Found a staircase to the Shoals.
 22733 | Lair:3   | Gained mutation: Your tail ends in a venomous barb. [Green
                  | Draconian growth]
 22733 | Lair:3   | Reached XP level 14. HP: 87/110 MP: 15/26
 23185 | Lair:3   | Found a staircase to the Snake Pit.
 25155 | Lair:5   | Entered Level 5 of the Lair of Beasts
 25156 | Lair:5   | Noticed Sonja
 25156 | Lair:5   | Paralysed by Sonja for 5 turns
 25163 | Lair:5   | Killed Sonja
 25355 | Lair:5   | Found a large runed translucent door.
 25357 | Lair:5   | Found a large runed translucent door.
 25358 | Lair:5   | Noticed Mumum's ghost (journeyman DrFE)
 25486 | Lair:5   | Identified the +1 ring mail of Sunlight {Contam Rampage rF+
                  | rN+}
 26111 | Lair:5   | Found a viscous altar of Jiyva.
 26111 | Lair:5   | Found a staircase to the Slime Pits.
 26372 | Lair:5   | Slain by a wyvern

Illustrated notes

Levels and vault maps discovered:
D:1:      ldierk_walled_garden_2, layout_basic, ebering_ecumenical_altar_ruins,
          minmay_hexomino_c4
D:2:      layout_loops_ring, minmay_misc_feat_ornament,
          nicolae_elevator_lobby_plus
D:3:      layout_rooms, gammafunk_ghost_abyssal_escape
D:4:      layout_cave_pools, serial_shops, shop, shop, shop,
          chequers_ossuary_entry_cave, uniq_grinder
D:5:      layout_basic, general_overflow_altar, minmay_temple_entry_offerings,
          kennysheep_generic_room_8, uniq_duvessa
D:6:      layout_basic, slow_altar_2
D:7:      layout_loops_corners, minitemple, guppyfry_early_elven_hall
D:8:      layout_basic, nicolae_figureground_sparkle
D:9:      layout_roguey [special_room_orc], lemuel_round_altar,
          grunt_lair_entry_orc_guard_hut, erik_orc_2, enter_bailey_5
D:10:     layout_cave_pools, nicolae_overflow_hidden_temple,
          mainiacjoe_overflow_concentric_impassable, serial_undead,
          serial_undead_f, serial_undead_e, serial_undead_b, serial_undead_b
D:11:     layout_basic, uniq_erolcha, uniq_psyche
Lair:1:   beast_lair_carwin_large_2, layout_regular_city, st_stairs_11,
          lemuel_fruit_fields, serial_bayou_shore_a
Lair:2:   layout_roguey, elwin_shoals_entry_rooms, portal_ice_cave_rime,
          chequers_serial_rivers_room_a, grunt_forest_large_clearings,
          infiniplex_staircase_pool
Lair:3:   layout_roguey, minmay_snake_entry_six_corridors, fungi_pond_lemuel
Lair:4:   layout_cave_pods
Lair:5:   hangedman_lair_tendril_chambers, layout_regular_city,
          dpeg_slime_entry_enclosed, serial_forest,
          infiniplex_forest_clump_tiny, infiniplex_forest_clump_long,
          infiniplex_forest_end_3, infiniplex_forest_split,
          infiniplex_forest_zigzag_1, infiniplex_forest_straight_3,
          infiniplex_forest_lined_1, ebering_ghost_disaster_area, uniq_sonja
Orc:1:    layout_caves, lightli_orcish_oven
Orc:2:    st_orc_mages, layout_caves

Skill      XL: |  1  2  3  4  5  6  7  8  9 10 11 12 13 14 |
---------------+-------------------------------------------+-----
Fighting       | 1 3 6 7 |  7.6
Unarmed Combat | 1 2 4 7 |  7.5
Poison Magic   | 4 5 7 8 |  8.8
Spellcasting   | 3 6 7 8 |  8.6
Air Magic      | 2 3 6 9 10 12 | 12.8
Fire Magic     | 4 5 |  5.2
Transmutations | 4 5 7 10 | 10.8
Dodging        | 2 3 6 8 |  8.6
Summonings     | 4 |  4.8
Shields        | 7 9 |  9.1
Stealth        | |  1.7

Action                   |  1- 3 |  4- 6 |  7- 9 | 10-12 | 13-15 || total
-------------------------+-------+-------+-------+-------+-------++-------
Melee: Unarmed           |    80 |    26 |    92 |   294 |   123 ||   615
       Tailslap          |    13 |    22 |    24 |    51 |    20 ||   130
       Punch             |     2 |     1 |     5 |    12 |     6 ||    26
       Quarterstaff      |       |   139 |    21 |       |       ||   160
       Scimitar          |       |       |       |       |    73 ||    73
 Cast: Sting             |    87 |    26 |     2 |     3 |       ||   118
       Olgreb's Toxic Ra |       |     4 |    40 |   122 |    62 ||   228
       Ignite Poison     |       |       |    13 |    80 |    57 ||   150
       Airstrike         |       |       |     3 |     9 |     4 ||    16
       Swiftness         |       |       |     1 |       |       ||     1
       Mephitic Cloud    |       |       |     1 |     6 |     1 ||     8
       Summon Lightning  |       |       |       |     7 |    12 ||    19
       Storm Form        |       |       |       |     1 |     7 ||     8
Invok: Lunge             |     5 |     4 |     8 |    19 |     7 ||    43
       Whirlwind         |       |     1 |     3 |    10 |    17 ||    31
       Serpent's Lash    |       |       |       |     1 |     2 ||     3
       Heavenly Storm    |       |       |       |       |     1 ||     1
 Abil: Breathe Noxious F |       |       |    14 |    52 |    40 ||   106
       Blinkbolt         |       |       |       |     1 |     8 ||     9
       Wall Jump         |       |       |       |     1 |     2 ||     3
  Use: Scroll            |       |    11 |     6 |     4 |     9 ||    30
       Potion            |       |     1 |       |     2 |     2 ||     5
 Stab: Distracted        |       |     1 |       |       |     3 ||     4
       Sleeping          |       |       |     1 |     1 |       ||     2
       Confused          |       |       |       |     4 |     1 ||     5
Armor: Skin              |    25 |    46 |    32 |   162 |   113 ||   378
Dodge: Dodged            |    69 |    89 |    62 |   271 |   241 ||   732
Block: Kite shield       |       |       |       |       |    91 ||    91
